 Dungeon Crawl Stone Soup version 0.20.1-1-g8b1a95d (webtiles) character file.

2478 Gremour the Geomancer (level 9, -9/45 HPs)
             Began as a Deep Elf Earth Elementalist on Oct 13, 2017.
             Was an Initiate of Vehumet.
             Killed by the air
             ... invoked by Gastronok
              (20 damage)
             ... on level 8 of the Dungeon.
             The game lasted 00:59:03 (8248 turns).

Gremour the Geomancer (Deep Elf Earth Elementalist) Turns: 8248, Time: 00:59:03

Health: -9/45      AC: 13    Str:  6    XL:     9   Next: 27%
Magic:  15/26      EV: 13    Int: 25    God:    Vehumet [......]
Gold:   234        SH:  0    Dex: 15    Spells: 4/16 levels left

rFire    . . .     SeeInvis .   a - +3 dagger (venom)
rCold    . . .     Gourm    +   (no shield)
rNeg     . . .     Faith    .   c - +0 robe
rPois    .         Spirit   .   (no helmet)
rElec    .         Reflect  .   C - +1 cloak
rCorr    .         Harm     .   v - +2 pair of gloves
MR       .....                  f - +2 pair of boots
Stlth    ++........             s - amulet of the gourmand
Regen    0.2/turn               J - ring of flight
MPRegen  0.2/turn               A - ring of magical power

@: lethally poisoned (-9 -> -15), very slightly contaminated
A: yellow scales 1, clever 1, shaggy fur 1, subdued magic 1
a: Renounce Religion, Evoke Flight


You were on level 8 of the Dungeon.
You worshipped Vehumet.
Vehumet was noncommittal.
You were very full.

You visited 2 branches of the dungeon, and saw 9 of its levels.

You collected 234 gold pieces.

Inventory:

Hand Weapons
 a - a +3 dagger of venom (weapon)
 b - a +4 scimitar
 l - the +5 whip of Autumn {flame, Int-5 SInv Stlth+}
   (You found it on level 6 of the Dungeon)

   It has been specially enchanted to burn those struck by it, causing extra
   injury to most foes and up to half again as much damage against particularly
   susceptible opponents.
   It affects your intelligence (-5).
   It lets you see invisible.
   It makes you more stealthy.
Missiles
 k - 3 javelins of penetration
 q - 156 stones (quivered)
Armour
 c - a +0 robe (worn)
 f - a +2 pair of boots (worn)
 v - a +2 pair of gloves (worn)
 w - a +1 scale mail of fire resistance
 C - a +1 cloak (worn)
Jewellery
 n - an uncursed ring of teleportation
 o - a +3 amulet of reflection
 s - an amulet of the gourmand (around neck)
 A - a ring of magical power (right hand)
 J - a ring of flight (left hand)
Wands
 j - a wand of lightning (6/15)
 p - a wand of polymorph (15/24)
 r - a wand of acid (15/15)
 x - a wand of lightning (7/15)
 y - a wand of paralysis (9/24)
 H - a wand of random effects (14/48)
 I - a wand of lightning (8/15)
Scrolls
 g - 2 scrolls of magic mapping
 h - 2 scrolls of teleportation
 i - 3 scrolls of identify
 E - a scroll of immolation
 G - a scroll of blinking
Potions
 m - 4 potions of mutation
 z - a potion of lignification
 B - a potion of curing
Books
 e - a book of Geomancy

   Spells                             Type                      Level
   a - Sandblast                      Earth                        1
   b - Passwall                       Transmutation/Earth          2
   c - Stone Arrow                    Conjuration/Earth            3
   d - Petrify                        Transmutation/Earth          4
   e - Lee's Rapid Deconstruction     Earth                        5
 t - a book of Minor Magic

   Spells                             Type                      Level
   a - Magic Dart                     Conjuration                  1
   b - Blink                          Translocation                2
   c - Call Imp                       Summoning                    2
   d - Slow                           Hexes                        2
   e - Conjure Flame                  Conjuration/Fire             3
   f - Mephitic Cloud                 Conjuration/Poison/Air       3
Comestibles
 d - 7 bread rations
 u - a meat ration
 D - 2 royal jellies
 F - 5 fruits


   Skills:
 - Level 1.1 Short Blades
 - Level 2.4 Dodging
 - Level 2.4 Stealth
 - Level 4.2 Spellcasting
 * Level 9.4 Conjurations
 - Level 2.0 Hexes
 - Level 1.2 Transmutations
 - Level 2.2 Fire Magic
 * Level 9.5 Earth Magic


You had 4 spell levels left.
You knew the following spells:

 Your Spells              Type           Power        Failure   Level  Hunger
b - Sandblast             Erth           #####.       1%          1    None
c - Conjure Flame         Conj/Fire      ####....     1%          3    ##.....
p - Passwall              Tmut/Erth      ###.......   1%          2    None
s - Stone Arrow           Conj/Erth      #####.       1%          3    ##.....
w - Slow                  Hex            ##......     4%          2    None
z - Magic Dart            Conj           ####         1%          1    None


Dungeon Overview and Level Annotations

Branches:
Dungeon (8/15)             Temple (1/1) D:7
   Lair: D:8-11

Altars:
Ashenzari
Cheibriados
Dithmenos
Elyvilon
Fedhas
Gozag
Hepliaklqana
Kikubaaqudgha
Makhleb
Nemelex Xobeh
Okawaru
Qazlal
Ru
Sif Muna
Trog
Uskayaw
Vehumet
Xom
Yredelemnul
Zin

Annotations:
D:8 Gastronok


Innate Abilities, Weirdness & Mutations

You are partially covered in yellow scales. (AC +2)
Your mind is acute. (Int +2)
You are covered in fur. (AC +1)
Your spells are a little easier to cast, but a little less powerful.


Message History

Aim: Gastronok, wearing an embroidered hat (severely wounded, covering ground quickly, chance to defeat MR: 6%)
The orc struggles to resist.
The orc closely misses you.
Gastronok's eyestalks stretch out, then return to normal size.
Casting: Slow
Confirm with . or Enter, or press ? or * to list all spells.
Aiming: Slow
Press: ? - help, Shift-Dir - straight line, f - orc, p - Gastronok
Aim: an orc, wielding a whip (chance to defeat MR: 64%)
The orc struggles to resist.
The orc closely misses you. The killer bee barely misses you.
The killer bee stings you.
* * * LOW HITPOINT WARNING * * *
You are poisoned.
The killer bee poisons you!
You feel sick.
Gastronok sloshes about.
You feel sick. The killer bee barely misses you.
Gastronok waves his eye-stalks in wide circles.
The air twists around and strikes you!
You die...

.# ... ...# . ....# ..
....############### ...
........@.........###
...
.###.yy########....# ..
#..y# #....# #.###.o.#
#....# #..†....# #....#
####....# ##'#######
#....# #.#...... #w####
#.#.#####
##y############........


You could see Gastronok, 3 killer bees and an orc.

Vanquished Creatures
  2 hippogriffs
  An orc warrior (D:6)
  2 ice beasts
  A phantom (D:7)
  A black bear (D:8)
  2 ogres
  2 centaurs
  A crocodile (D:7)
  3 scorpions
  5 wights (D:6)
  4 howler monkeys
  3 crimson imps
  A quasit (D:6)
  2 hounds
  3 orc wizards
  2 orc priests
  An iguana (D:5)
  Jessica (D:3)
  Terence (D:2)
  4 worker ants
  A hound skeleton (D:5)
  11 adders
  2 shadow imps
  An ooze (D:4)
  2 adder skeletons
  A worm (D:4)
  A dart slug (D:1)
  8 leopard geckos
  16 orcs
  13 bats
  3 giant cockroaches
  5 goblins
  8 hobgoblins
  9 jackals
  4 quokkas
  A ball python (D:2)
  2 frilled lizards
  13 kobolds
  A leopard gecko skeleton (D:4)
  7 rats
151 creatures vanquished.

Notes
Turn   | Place    | Note
-------+----------+-------------------------------------------
     0 | D:1      | Gremour the Deep Elf Earth Elementalist began the quest for the Orb.
     0 | D:1      | Reached XP level 1. HP: 10/10 MP: 6/6
   262 | D:1      | Reached XP level 2. HP: 15/15 MP: 5/8
   845 | D:1      | Reached XP level 3. HP: 19/19 MP: 7/10
  1022 | D:2      | Found a sacrificial altar of Ru.
  1083 | D:2      | Gained mutation: Your mind is acute. (Int +2) [potion of mutation]
  1083 | D:2      | Gained mutation: You are covered in fur. (AC +1) [potion of mutation]
  1083 | D:2      | Gained mutation: Your spells are a little easier to cast, but a little less powerful. [potion of mutation]
  1083 | D:2      | Gained mutation: You are partially covered in yellow scales. (AC +2) [potion of mutation]
  1182 | D:2      | Reached skill level 1 in Short Blades
  1373 | D:2      | Found a white marble altar of Elyvilon.
  1375 | D:2      | Found an ancient bone altar of Kikubaaqudgha.
  1377 | D:2      | Found a hide-covered altar of Uskayaw.
  1390 | D:2      | Found a faded altar of an unknown god.
  1619 | D:2      | Reached XP level 4. HP: 24/24 MP: 8/12
  1649 | D:2      | Learned a level 3 spell: Stone Arrow
  1653 | D:2      | Learned a level 3 spell: Conjure Flame
  1655 | D:2      | Learned a level 1 spell: Magic Dart
  1920 | D:3      | Noticed Terence
  1976 | D:2      | Killed Terence
  1976 | D:2      | Reached skill level 1 in Conjurations
  2156 | D:3      | Found a sparkling altar of Nemelex Xobeh.
  2169 | D:3      | Noticed Jessica
  2192 | D:3      | Killed Jessica
  2192 | D:3      | Reached skill level 5 in Earth Magic
  2192 | D:3      | Reached XP level 5. HP: 28/28 MP: 6/13
  2514 | D:3      | Reached skill level 1 in Fire Magic
  2870 | D:4      | Learned a level 2 spell: Slow
  3319 | D:4      | Reached XP level 6. HP: 32/32 MP: 11/14
  3374 | D:4      | Learned a level 2 spell: Passwall
  3788 | D:5      | Entered Level 5 of the Dungeon
  4175 | D:5      | Reached skill level 1 in Hexes
  4545 | D:5      | Reached XP level 7. HP: 36/36 MP: 15/15
  4837 | D:5      | Reached skill level 5 in Conjurations
  5212 | D:5      | Learned a level 1 spell: Sandblast
  5357 | D:6      | Got a crystal whip
  5359 | D:6      | Identified the +5 whip of Autumn {flame, Int-5 SInv Stlth+} (You found it on level 6 of the Dungeon)
  5742 | D:6      | Reached XP level 8. HP: 21/41 MP: 9/16
  6935 | D:7      | Noticed a hippogriff
  6951 | D:7      | Killed a hippogriff
  7221 | D:7      | Found a staircase to the Ecumenical Temple.
  7229 | Temple   | Entered the Ecumenical Temple
  7254 | Temple   | Became a worshipper of Vehumet
  7480 | D:7      | Reached XP level 9. HP: 45/45 MP: 17/17
  8229 | D:8      | Noticed Gastronok
  8248 | D:8      | Killed from afar by Gastronok

Skill      XL: |  1  2  3  4  5  6  7  8  9 |
---------------+----------------------------+-----
Earth Magic    | 4 5 6 7 9 |  9.5
Short Blades   | 1 |  1.1
Spellcasting   | 4 |  4.2
Conjurations   | 1 2 4 6 8 9 |  9.4
Fire Magic     | 1 2 |  2.2
Hexes          | 1 2 |  2.0
Dodging        | |  2.4
Stealth        | |  2.4
Transmutations | |  1.2

Action                   |  1- 3 |  4- 6 |  7- 9 || total
-------------------------+-------+-------+-------++-------
Melee: Unarmed           |     4 |       |       ||     4
       Club              |     4 |       |       ||     4
       Dagger            |    67 |    98 |    43 ||   208
       Whip              |       |       |     6 ||     6
 Cast: Sandblast         |    35 |     2 |    24 ||    61
       Magic Dart        |       |    72 |    94 ||   166
       Stone Arrow       |       |    35 |    34 ||    69
       Conjure Flame     |       |     4 |    13 ||    17
       Slow              |       |     9 |     4 ||    13
       Passwall          |       |     4 |       ||     4
Evoke: Wand              |       |     2 |       ||     2
  Use: Potion            |     2 |     4 |     1 ||     7
       Scroll            |       |    10 |     6 ||    16
 Stab: Sleeping          |     7 |     2 |     1 ||    10
  Eat: Chunk             |     1 |    17 |    14 ||    32
       Bread ration      |       |     1 |       ||     1
Armor: Robe              |    39 |    52 |    48 ||   139
       Skin              |       |    20 |       ||    20
Dodge: Dodged            |    90 |    88 |    83 ||   261
Block: Other             |     4 |       |       ||     4
